 Dungeon Crawl Stone Soup version 0.24-a0-433-gbe6fa4f6cc (webtiles) character file.

Game seed: 15201997622946677200

65 Holzbalken the Cudgeler (level 3, -3/27 HPs)
             Began as a Demonspawn Gladiator on June 14, 2019.
             Slain by a hobgoblin (7 damage)
             ... led by Robin
             ... on level 2 of the Dungeon.
             The game lasted 00:02:24 (1124 turns).

Holzbalken the Cudgeler (Demonspawn Gladiator)      Turns: 1124, Time: 00:02:25

Health: -3/27      AC:  4    Str: 15    XL:     3   Next: 94%
Magic:  3/3        EV: 12    Int:  9    God:
Gold:   50         SH:  0    Dex: 14    Spells: 2/2 levels left

rFire    . . .     SeeInvis .   a - +0 flail
rCold    + . .     Gourm    .   (no shield)
rNeg     . . .     Faith    .   b - +0 leather armour
rPois    .         Spirit   .   c - +0 helmet
rElec    .         Reflect  .   (no cloak)
rCorr    .         Harm     .   (no gloves)
MR       .....                  (no boots)
Stlth    +.........             (no amulet)
HPRegen  0.09/turn              (no ring)
MPRegen  0.08/turn              (no ring)

@: no status effects
A: cold resistance 1
a: no special abilities


You were on level 2 of the Dungeon.
You were not hungry.

You visited 1 branch of the dungeon, and saw 2 of its levels.

You collected 50 gold pieces.

Inventory:

Hand Weapons
 a - a +0 flail (weapon)
Missiles
 d - 3 throwing nets (quivered)
Armour
 b - a +0 leather armour (worn)
 c - a +0 helmet (worn)
 e - a +0 plate armour
Scrolls
 g - a scroll of fear {unknown}
 i - 3 scrolls of identify {unknown}
 k - a scroll of enchant weapon {unknown}
 m - a scroll of remove curse {unknown}
Potions
 h - a potion of resistance {unknown}
 j - 2 potions of might {unknown}
 l - 2 potions of curing {unknown}
Comestibles
 f - 3 rations
 n - a chunk of flesh


   Skills:
 - Level 2.0 Fighting
 + Level 4.4 Maces & Flails
 - Level 1.7 Throwing
 - Level 2.6 Dodging


You had 2 spell levels left.
You didn't know any spells.
Your spell library was empty.

Dungeon Overview and Level Annotations

Branches:
Dungeon (2/15)

Altars:


Innate Abilities, Weirdness & Mutations

Your flesh is cold resistant. (rC+)


Message History

The goblin goes into a battle-frenzy!
The goblin barely misses you.
You barely miss Robin.
Robin is almost dead.
Robin barely misses you. The goblin barely misses you.
You barely miss Robin.
Robin is almost dead.
The goblin barely misses you. Robin hits you with a +0 mace.
* * * LOW HITPOINT WARNING * * *
You thump Robin!
You kill Robin!
The goblin hits you but does no damage.
You thump the hobgoblin!
You kill the hobgoblin!
The goblin closely misses you. The goblin hits you with a +0 dagger.
* * * LOW HITPOINT WARNING * * *
You hit the hobgoblin.
The hobgoblin is heavily wounded.
The hobgoblin hits you!
You die...

#########
#.......###
###.###...#######
..####
#..............
....##............#
#..#)..........#
#g@g.........##
......###.........#
..... #.).......#
.... #.........#
### ... #......)..#
#.. .. ######...##
##.# # ###.# #...
#.####.##
###..##....


You could see a hobgoblin and a goblin.

Vanquished Creatures
  A worker ant (D:2)
  Robin (D:2)
  A dart slug (D:1)
  A leopard gecko (D:1)
  2 giant cockroaches (D:1)
  7 hobgoblins
  4 bats (D:1)
  8 goblins
  2 rats (D:1)
27 creatures vanquished.

Notes
Turn   | Place    | Note
-------+----------+-------------------------------------------
     0 | D:1      | Holzbalken the Demonspawn Gladiator began the quest for the
                  | Orb.
     0 | D:1      | Reached XP level 1. HP: 16/16 MP: 1/1
   185 | D:1      | Reached skill level 3 in Maces & Flails
   272 | D:1      | Gained mutation: Your flesh is cold resistant. (rC+)
                  | [demonic ancestry]
   272 | D:1      | Reached XP level 2. HP: 17/22 MP: 2/2
   928 | D:2      | Reached skill level 4 in Maces & Flails
   928 | D:2      | Reached XP level 3. HP: 14/27 MP: 3/3
  1099 | D:2      | Noticed Robin
  1122 | D:2      | Killed Robin
  1124 | D:2      | Slain by a hobgoblin

Levels and vault maps discovered:
D:1:      roderic_octagonal_star, layout_loops_ring
D:2:      layout_rooms, uniq_sigmund, uniq_robin

Skill      XL: |  1  2 |
---------------+-------+-----
Maces & Flails | 3 4 |  4.4
Fighting       | |  2.0
Throwing       | |  1.7
Dodging        | |  2.6

Action                   || total
-------------------------++-------
Melee: Flail             ||    76
  Eat: Chunk             ||     1
Armor: Leather armour    ||    30
Dodge: Dodged            ||    62

Table legend:
 A = Non-vault XP
 B = Vault XP
 C = Vault XP percentage of total XP
 D = Non-vault monster count
 E = Vault monster count
 F = Vault count percentage of total count
                 A         B        C        D         E       F
            +---------+---------+-------+---------+---------+-------
      Total |      63 |      31 |  33.0 |      17 |      10 |  37.0
            +---------+---------+-------+---------+---------+-------
        D:1 |      25 |       0 |   0.0 |      14 |       0 |   0.0
        D:2 |      38 |      31 |  44.9 |       3 |      10 |  76.9
            +---------+---------+-------+---------+---------+-------
